 Dungeon Crawl Stone Soup version 0.26-a0-844-g3dd439832f (webtiles) character file.

Game seed: 8118465868648887864

50 pablito the Vandal (level 4, -11/29 HPs)
             Began as a Halfling Arcane Marksman on Nov 18, 2020.
             Killed from afar by a jackal (40 damage)
             ... with an exploding inner flame
             ... on level 2 of the Dungeon.
             The game lasted 00:08:38 (1390 turns).

pablito the Vandal (Halfling Arcane Marksman)       Turns: 1390, Time: 00:08:39

Health: -11/29     AC:  3    Str: 11    XL:     4   Next: 4%
Magic:  5/5        EV: 15    Int: 11    God:
Gold:   60         SH:  0    Dex: 15    Spells: 1/5 levels left

rFire    . . .     SeeInvis .   (weapon restricted)
rCold    . . .     Faith    .   (shield restricted)
rNeg     . . .     Spirit   .   e - +0 robe
rPois    .         Reflect  .   (no helmet)
rElec    .         Harm     .   (no cloak)
rCorr    .         Rampage  .   i - +0 pair of gloves
MR       .....                  (no boots)
Stlth    +.........             (no amulet)
HPRegen  0.09/turn              (no ring)
MPRegen  0.09/turn              (no ring)

@: no status effects
A: small, mutation resistance 1
a: no special abilities


You were on level 2 of the Dungeon.
You visited 1 branch of the dungeon, and saw 2 of its levels.

You collected 60 gold pieces.

Inventory:

Hand Weapons
 c - a +1 vorpal hunting sling
 n - a +0 short sword
Missiles
 d - 12 sling bullets
 l - 41 stones (quivered)
Armour
 e - a +0 robe (worn)
 i - a +0 pair of gloves (worn)
Scrolls
 m - a scroll of remove curse {unknown}
Potions
 b - a potion of haste {unknown}
 g - a potion of lignification {unknown}
 h - a potion of brilliance {unknown}
 j - a potion of invisibility {unknown}
 k - 2 potions of ambrosia {unknown}


   Skills:
 + Level 1.9 Fighting
 + Level 4.1 Slings
 - Level 2.1 Dodging
 - Level 1.0 Spellcasting
 + Level 3.0 Hexes


You had one spell level left.
You knew the following spells:

 Your Spells              Type           Power        Failure   Level
a - Corona                Hex            #......      10%         1
b - Inner Flame           Hex/Fire       #.......     45%         3

Your spell library contained the following spells:

 Spells                   Type           Power        Failure   Level
 Slow                     Hex            #.......     14%         2
 Portal Projectile        Hex/Tloc       #.....       45%         3
 Cause Fear               Hex            #.........   67%         4
 Leda's Liquefaction      Hex/Erth       #.........   86%         4


Dungeon Overview and Level Annotations

Branches:
Dungeon (2/15)

Altars:
Ashenzari
Dithmenos
Uskayaw
Wu Jian


Innate Abilities, Weirdness & Mutations

You are small and have problems with some larger weapons.
You are somewhat resistant to further mutation.


Message History

Aim: a jackal You throw a stone.
The stone hits the jackal.
The jackal is moderately wounded.
The jackal closely misses you. The jackal completely misses you.
The jackal misses you. The jackal closely misses you.
A worm comes into view.
The jackal misses you.
As you read the scroll labelled HOARATE PANUV, it crumbles to dust.
The creatures around you are filled with an inner flame!
It was a scroll of immolation.
The jackal misses you.
Throwing (i - inventory)
l - 42 stones (quivered)
Press: ? - help, Shift-Dir - straight line, f/p - jackal
Aim: a jackal (inner flame)
You throw a stone. The stone hits the jackal.
Flame seeps out of the jackal.
The jackal is moderately wounded.
The jackal is engulfed in blazing flames.
The jackal explodes!
The fiery explosion engulfs you!!!
Ouch! That really hurt!
You die...

#....#...###..#..##
.....'.....÷.##.##
.....#...##..##.#
..####...##..÷..##
###
##..####.#...####
## ## #..##
#.#)...((#.(..


#wg #### #...##hr((.# Fs.# ######○#...... ?$# #.w.@§####### ##### .....#####
#...# ### #...# ....# ##### You could see a worm (inner flame), a jackal (inner
flame) and a rat (inner flame).

Vanquished Creatures
  An ooze (D:1)
  2 worms (D:2)
  A dart slug (D:1)
  2 giant cockroaches
  2 goblins (D:1)
  4 hobgoblins
  10 jackals (D:2)
  3 bats
  5 frilled lizards
  3 kobolds
  5 rats
38 creatures vanquished.

Notes
Turn   | Place    | Note
-------+----------+-------------------------------------------
     0 | D:1      | pablito the Halfling Arcane Marksman began the quest for
                  | the Orb.
     0 | D:1      | Reached XP level 1. HP: 12/12 MP: 2/2
    54 | D:1      | Reached skill level 1 in Fighting
   119 | D:1      | Reached XP level 2. HP: 18/18 MP: 3/3
   373 | D:1      | Reached XP level 3. HP: 23/23 MP: 4/4
   961 | D:2      | Found an ornate altar of the Wu Jian Council.
  1008 | D:2      | Reached skill level 4 in Slings
  1160 | D:2      | Found a hide-covered altar of Uskayaw.
  1160 | D:2      | Found a shadowy altar of Dithmenos.
  1164 | D:2      | Found a broken altar of Ashenzari.
  1252 | D:2      | Noticed a scorpion
  1253 | D:2      | Noticed a bullfrog
  1279 | D:2      | Reached XP level 4. HP: 29/29 MP: 1/5
  1377 | D:2      | Learned a level 3 spell: Inner Flame
  1390 | D:2      | Killed from afar by a jackal

Illustrated notes

Levels and vault maps discovered:
D:1:      minmay_arrival_five_plusses, layout_basic
D:2:      layout_rooms, grunt_temple_overflow_open, lightli_corner_chamber

Skill      XL: |  1  2  3 |
---------------+----------+-----
Fighting       | 1 |  1.9
Slings         | 4 |  4.1
Hexes          | 3 |  3.0
Dodging        | |  2.1
Spellcasting   | |  1.0

Action                   |  1- 3 |  4- 6 || total
-------------------------+-------+-------++-------
 Fire: Hunting sling     |    85 |       ||    85
Throw: Stone             |       |    10 ||    10
 Cast: Corona            |     5 |       ||     5
  Use: Scroll            |       |     1 ||     1
Armor: Robe              |    12 |     1 ||    13
Dodge: Dodged            |    34 |    13 ||    47

Table legend: (Time is in decaauts)
 A = Elapsed time spent in this place.
 B = Non-inter-level travel time spent in this place.
 C = Inter-level travel time spent in this place.
 D = Time resting spent in this place.
 E = Time spent auto-exploring this place.
 F = Levels seen in this place.
 G = Mean time per level.
                   A        B        C        D        E       F      G
               +--------+--------+--------+--------+--------+-----+--------+
         Total |   1388 |   1360 |     28 |      0 |   1128 |   2 |  694.0 |
       Dungeon |   1388 |   1360 |     28 |      0 |   1128 |   2 |  694.0 |
               +--------+--------+--------+--------+--------+-----+--------+

Top non-repeatable levels by time:
     D:1: 887 daAuts
     D:2: 501 daAuts
